 Dungeon Crawl Stone Soup version 0.26-a0-846-gcc8f1ee719 (webtiles) character file.

Game seed: 47927792110073415

1503 robertstho the Cleaver (level 8, -6/71 HPs)
             Began as a Minotaur Chaos Knight on Nov 19, 2020.
             Was a Plaything of Xom.
             Killed from afar by a steam dragon (9 damage)
             ... with a ball of steam
             ... on level 6 of the Dungeon.
             The game lasted 00:07:17 (5416 turns).

robertstho the Cleaver (Minotaur Chaos Knight)      Turns: 5416, Time: 00:07:17

Health: -6/71      AC: 11    Str: 19    XL:     8   Next: 52%
Magic:  7/7        EV: 10    Int:  9    God:    Xom [*.....]
Gold:   429        SH:  0    Dex: 10    Spells: 7/7 levels left

rFire    . . .     SeeInvis .   a - +0 hand axe (chaos)
rCold    + + .     Faith    .   (no shield)
rNeg     . . .     Spirit   .   m - +0 ice dragon scales
rPois    .         Reflect  .   (helmet restricted)
rElec    .         Harm     .   (no cloak)
rCorr    .         Rampage  .   (no gloves)
MR       .....                  (no boots)
Stlth    ..........             (no amulet)
HPRegen  0.21/turn              (no ring)
MPRegen  0.10/turn              l - ring of protection from fire

@: drained
A: retaliatory headbutt, horns 2
a: Renounce Religion


You were on level 6 of the Dungeon.
You worshipped Xom.
You were a special plaything of Xom.
You visited 1 branch of the dungeon, and saw 6 of its levels.
You also visited: Sewer.

You collected 429 gold pieces.

Inventory:

Hand Weapons
 a - a +0 hand axe of chaos (weapon)
Armour
 b - a +0 plate armour
 m - +0 ice dragon scales (worn)
Jewellery
 l - a ring of protection from fire (right hand)
Wands
 e - a wand of flame (19)
 u - a wand of random effects (18)
Scrolls
 c - a scroll of noise {unknown}
 h - a scroll of enchant weapon {unknown}
 j - 4 scrolls of remove curse
 k - a scroll of blinking
 n - a scroll of fog
 o - 2 scrolls of fear {unknown}
 r - 2 scrolls of teleportation {unknown}
 v - a scroll of immolation {unknown}
 w - a scroll of magic mapping {unknown}
Potions
 d - a potion of flight
 f - 5 potions of curing
 g - a potion of heal wounds {unknown}
 i - a potion of lignification
 p - a potion of haste {unknown}
 q - 2 potions of brilliance {unknown}
 s - 2 potions of magic
 t - a potion of degeneration {unknown}


   Skills:
 * Level 6.7(5.5) Fighting
 * Level 9.0(7.8) Axes
 * Level 6.8(5.7) Armour
 * Level 3.8(2.8) Dodging
 + Level 1.3(0.3) Stealth


You had 7 spell levels left.
You didn't know any spells.
Your spell library contained the following spells:

 Spells                   Type           Power        Failure   Level
 Magic Dart               Conj           #...         80%         1
 Blink                    Tloc           N/A          91%         2
 Call Imp                 Summ           #.......     91%         2
 Slow                     Hex            #.......     91%         2
 Conjure Flame            Conj/Fire      #.......     99%         3
 Mephitic Cloud           Conj/Pois/Air  #.......     99%         3
 Iskenderun's Mystic Bla  Conj/Tloc      #.......     100%        4
 Irradiate                Conj/Tmut      #.........   100%        5
 Lightning Bolt           Conj/Air       #.........   100%        5
 Starburst                Conj/Fire      #.........   100%        6


Dungeon Overview and Level Annotations

Branches:
Dungeon (6/15)              Sewer (visited)
 Temple: D:4-7

Altars:
Dithmenos
Uskayaw
Xom


Innate Abilities, Weirdness & Mutations

You reflexively headbutt those who attack you in melee.
You have a pair of horns on your head.


Message History

k - a scroll of blinking A hound comes into view.
The hound barks! "Hum-dee-hum-dee-hum..."
The hound evaporates and reforms as a killer bee!
The killer bee stings you.
* * * LOW HITPOINT WARNING * * *
The killer bee stings you.
* * * LOW HITPOINT WARNING * * *
The killer bee barely misses you.
Found 15 gold pieces.
The killer bee stings you.
* * * LOW HITPOINT WARNING * * *
The killer bee closely misses you. "Hum-dee-hum-dee-hum..."
The killer bee evaporates and reforms as a steam dragon!
The steam dragon breathes steam at you. The ball of steam hits you!
You die...
Xom howls with laughter!

.........## ##########
#. #..
......#..z###........##
#. ...
.....####.z...........##
#)##... ....##
##..........$..# #.)#.##
...## ##............#
##.#.#( .##
#............. #.).#( #
#...ZD.......$ #.).##
##....ยง....... #))...
#....@.......# #.....
###...........###.(...
###...........#.(...
##.<.)........)...
#...........)...
#..............
#.............
#.......##### ###.....##


You could see a steam dragon (catching breath), 2 wights and a hound zombie.

Vanquished Creatures
  Duvessa (D:6)
  A phantom (D:3)
  A sky beast (D:6)
  A centaur (D:5)
  Dowan (D:6)
  2 scorpions (D:4)
  2 wights (D:6)
  3 howler monkeys
  A bullfrog skeleton (D:6)
  An orc priest (D:4)
  2 iguanas (D:5)
  5 worker ants
  5 orc wizards
  A hound zombie (D:5)
  A hound skeleton (D:5)
  2 howler monkey zombies (D:5)
  2 worker ant zombies (D:5)
  A gnoll (D:5)
  A howler monkey skeleton (D:5)
  6 adders
  A river rat (Sewer)
  An ufetubus (D:2)
  An ooze (Sewer)
  An adder skeleton (D:4)
  An adder zombie (D:5)
  5 worms
  3 dart slugs
  2 leopard geckos (D:4)
  17 orcs
  3 ball pythons
  7 bats
  3 giant cockroaches
  3 goblins (D:2)
  8 hobgoblins
  5 jackals (D:2)
  14 kobolds
  7 frilled lizards
  A giant cockroach zombie (D:5)
  A jackal zombie (D:5)
  2 leopard gecko skeletons (D:4)
  A quokka skeleton (D:4)
  2 quokka zombies (D:5)
  12 rats
141 creatures vanquished.

Vanquished Creatures (collateral kills)
  An orc warrior (D:6)
  A howler monkey (D:3)
  An orc priest (D:3)
  2 orc wizards (D:6)
  5 orcs (D:6)
  A hobgoblin (D:3)
11 creatures vanquished.

Grand Total: 152 creatures vanquished

Notes
Turn   | Place    | Note
-------+----------+-------------------------------------------
     0 | D:1      | robertstho the Minotaur Chaos Knight began the quest for
                  | the Orb.
     0 | D:1      | Reached XP level 1. HP: 19/19 MP: 0/0
   332 | D:1      | Reached XP level 2. HP: 27/27 MP: 1/1
   523 | D:1      | XOM: cloud trail
   612 | D:2      | Reached skill level 4 in Axes
   732 | D:2      | Reached XP level 3. HP: 10/34 MP: 2/2
  1028 | D:2      | XOM: stat loss: -1 Dex (8/9)
  1185 | D:2      | XOM: cloud trail
  1239 | D:2      | Reached XP level 4. HP: 40/41 MP: 3/3
  1883 | D:3      | Noticed a phantom
  1900 | D:3      | XOM: confuse monster(s)
  1912 | D:3      | Killed a phantom
  1913 | D:3      | Reached skill level 5 in Fighting
  1913 | D:3      | Reached skill level 5 in Axes
  1913 | D:3      | Reached XP level 5. HP: 29/48 MP: 4/4
  2057 | D:3      | XOM: summons 5 friendly demons
  2316 | D:3      | Reached XP level 6. HP: 54/56 MP: 5/5
  2809 | D:4      | Reached skill level 6 in Axes
  2809 | D:4      | Reached skill level 5 in Armour
  2971 | D:4      | Found a glowing drain.
  2981 | Sewer    | Entered a sewer
  3047 | Sewer    | XOM: 4-stop teleportation journey
  3054 | Sewer    | XOM: cloud trail
  3165 | Sewer    | XOM: god gift: glowing hand crossbow {god gift}
  3372 | D:4      | XOM: god gift: runed hand axe {god gift}
  3472 | D:4      | Reached XP level 7. HP: 50/61 MP: 6/6
  3502 | D:4      | XOM: scenery: summon butterflies
  3584 | D:4      | XOM: scenery: create altars
  3591 | D:4      | Reached skill level 7 in Axes
  3638 | D:4      | XOM: 2-stop teleportation journey
  3673 | D:4      | Identified the Almanac of Conjuration
  3940 | D:5      | Entered Level 5 of the Dungeon
  3954 | D:5      | XOM: confuse monster(s)
  4034 | D:5      | Found a shadowy altar of Dithmenos.
  4131 | D:5      | XOM: cloud trail
  4210 | D:5      | XOM: scenery: summon butterflies
  4391 | D:5      | Reached skill level 1 in Stealth
  4418 | D:5      | XOM: divination: detect items
  4422 | D:5      | XOM: 3-stop teleportation journey
  4630 | D:5      | XOM: 3-stop teleportation journey
  4823 | D:5      | XOM: scenery: summon butterflies
  4931 | D:5      | XOM: 1-stop teleportation journey
  4967 | D:5      | XOM: cloud trail
  5005 | D:5      | Reached skill level 8 in Axes
  5005 | D:5      | Reached XP level 8. HP: 70/70 MP: 7/7
  5201 | D:6      | Noticed a +0 dagger
  5201 | D:6      | Noticed a +0 hand axe
  5202 | D:6      | Noticed Dowan
  5203 | D:6      | Noticed Duvessa
  5220 | D:6      | Killed Duvessa
  5222 | D:6      | Killed Dowan
  5304 | D:6      | Found a hide-covered altar of Uskayaw.
  5304 | D:6      | XOM: summons 6 friendly demons
  5369 | D:6      | XOM: 3-stop teleportation journey
  5387 | D:6      | Reached skill level 9 in Axes
  5410 | D:6      | XOM: polymorph hound -> killer bee
  5414 | D:6      | HP: 2/71 [killer bee (3)]
  5416 | D:6      | XOM: polymorph killer bee -> steam dragon
  5416 | D:6      | Killed from afar by a steam dragon

Illustrated notes

Levels and vault maps discovered:
D:1:      saegor_arrival_simple_b, layout_basic, minmay_cut_off
D:2:      wander_river, layout_loops_ring, minmay_cupped
D:3:      layout_loops_cross
D:4:      layout_cave_pools, cheibrodos_sewer_entry_drain
D:5:      minmay_skewed_foursquare, layout_basic, serial_undead,
          serial_undead_b, serial_undead_f, serial_undead_f, serial_undead_a,
          serial_undead_a, serial_undead_a, nicolae_dithmenos_the_darkroom
D:6:      layout_cave_pods, dancing_weapons_uskayaw, kennysheep_generic_room_12,
          uniq_duvessa, uniq_blork_the_orc

Skill      XL: |  1  2  3  4  5  6  7  8 |
---------------+-------------------------+-----
Fighting       | 4 5 6 |  6.7
Axes           | 4 5 6 8 9 |  9.0
Armour         | 3 4 5 6 |  6.8
Dodging        | 2 3 |  3.8
Stealth        | 1 |  1.3

Action                   |  1- 3 |  4- 6 |  7- 9 || total
-------------------------+-------+-------+-------++-------
Melee: Hand axe          |    81 |   209 |   167 ||   457
       Headbutt          |     5 |    19 |    26 ||    50
  Use: Potion            |     1 |       |     1 ||     2
       Scroll            |       |     8 |     3 ||    11
 Stab: Confused          |       |     2 |       ||     2
       Paralysed         |       |       |     2 ||     2
Armor: Leather armour    |     3 |       |       ||     3
       Scale mail        |    48 |    30 |       ||    78
       Ice dragon scales |       |    46 |    87 ||   133
Dodge: Dodged            |    41 |    93 |    66 ||   200

Table legend: (Time is in decaauts)
 A = Elapsed time spent in this place.
 B = Non-inter-level travel time spent in this place.
 C = Inter-level travel time spent in this place.
 D = Time resting spent in this place.
 E = Time spent auto-exploring this place.
 F = Levels seen in this place.
 G = Mean time per level.
                   A        B        C        D        E       F      G
               +--------+--------+--------+--------+--------+-----+--------+
         Total |   5500 |   5312 |    188 |     35 |   4228 |   7 |  785.7 |
       Dungeon |   5059 |   4871 |    188 |     35 |   4001 |   6 |  843.2 |
         Sewer |    441 |    441 |      0 |      0 |    227 |   1 |  441.0 |
               +--------+--------+--------+--------+--------+-----+--------+

Top non-repeatable levels by time:
     D:2: 1283 daAuts
     D:5: 1212 daAuts
     D:3: 912 daAuts
     D:4: 777 daAuts
     D:1: 611 daAuts
   Sewer: 441 daAuts
     D:6: 261 daAuts
